Map: Romanticide LE

Players

Scarlett

  • Race: Zerg Zerg
  • League: Master
  • Spawn Location: 5:00

Neeb - Winner!

  • Race: Protoss Protoss
  • Spawn Location: 11:00

Event: DreamHack SC2 Masters 2020 Winter

VOD

Have the link to the VOD?

Description

Time

  • Played on: Nov. 4, 2020, 5:21 p.m.
  • Length: 13:25

All games in this series

Show
View Real Time Build Order
Export as new Build Order

Scarlett Zerg 

Build Orders: Hatch First, Swarm Host 

Get SALT Encoding   

  12  0:00  Drone  
  13  0:12  Overlord  
  13  0:16  Drone  
  14  0:30  Drone x2  
  16  0:46  Hatchery  
  15  0:50  Drone  
  15  0:54  Drone  
  18  0:57  Drone  
  18  1:08  Extractor  
  17  1:12  Spawning Pool  
  17  1:15  Drone  
  17  1:19  Drone  
  18  1:35  Drone  
  19  1:43  Drone  
  21  1:56  Hatchery  
  21  1:58  Queen  
  22  2:01  Overlord  
  22  2:22  Zergling x2  
  23  2:23  Drone x2, Hatchery  
  23  2:26  Metabolic Boost  
  24  2:35  Queen  
  26  2:39  Overlord  
  25  2:56  Drone  
  25  2:57  Drone  
  27  3:07  Zergling x8  
  27  3:11  Queen  
  31  3:34  Drone x5  
  35  3:37  Zergling x2  
  35  3:38  Queen  
  37  3:41  Drone  
  37  3:46  Zergling x2  
  37  3:47  Zergling x2  
  40  3:49  Drone  
  40  3:52  Zergling x2  
  42  3:57  Zergling x2  
  42  3:58  Drone  
  44  4:08  Drone x4  
  48  4:15  Drone x2  
  50  4:20  Overlord x2  
  50  4:24  Spore Crawler  
  50  4:27  Drone  
  50  4:29  Spore Crawler  
  49  4:33  Drone  
  49  4:37  Overlord  
  50  4:39  Queen  
  50  4:42  Drone x3  
  55  4:48  Drone  
  55  4:49  Drone x3  
  58  4:58  Drone x5  
  63  5:01  Queen  
  65  5:16  Drone  
  65  5:17  Lair  
  65  5:18  Unknown  
  64  5:22  Drone  
  64  5:23  Overlord  
  64  5:24  Queen, Extractor  
  64  5:25  Evolution Chamber  
  64  5:27  Roach Warren  
  65  5:28  Drone  
  65  5:32  Overlord  
  65  5:33  Overlord  
  65  5:41  Overlord  
  66  5:42  Drone  
  66  5:43  Drone x7  
  73  5:53  Drone x6  
  76  5:57  Spore Crawler  
  76  5:59  Drone  
  76  6:00  Drone x4  
  80  6:05  Extractor  
  80  6:07  Zerg Missile Weapons Level 1  
  80  6:08  Roach x2  
  83  6:12  Roach x2  
  83  6:15  Roach x2  
  83  6:18  Glial Reconstitution  
  91  6:23  Drone x3  
  91  6:24  Overlord  
  94  6:25  Overlord  
  94  6:38  Drone x5  
  98  6:43  Infestation Pit, Roach x4  
  98  6:44  Extractor  
  104  6:49  Roach  
  104  6:50  Drone x2  
  104  6:53  Hatchery  
  107  6:54  Overlord  
  107  6:59  Overlord  
  107  7:00  Overlord  
  107  7:09  Overlord x3  
  107  7:13  Roach x4  
  113  7:23  Swarm Host x5  
  128  7:32  Swarm Host x2  
  128  7:34  Swarm Host  
  137  7:37  Swarm Host x3  
  137  7:42  Swarm Host  
  137  7:43  Overlord  
  149  7:46  Overlord x2  
  149  7:55  Overlord, Ravager x2  
  149  7:58  Roach x2  
  155  8:01  Roach x4  
  155  8:02  Roach  
  155  8:03  Roach  
  163  8:18  Overseer  
  162  8:25  Roach  
  162  8:26  Roach x8  
  178  8:29  Roach x4  
  178  8:41  Roach x9  
  186  8:49  Zerg Missile Weapons Level 2  
  186  8:54  Roach x4  
  194  9:01  Drone x3, Ravager  
  194  9:02  Extractor x2  
  197  9:03  Drone x3  
  197  9:05  Ravager  
  200  9:20  Nydus Network  
  199  9:37  Hydralisk Den  
  198  10:11  Hive  
  198  10:12  Muscular Augments  
  196  10:15  Lurker Den  
  196  10:19  Nydus Canal  
  193  10:29  Drone  
  193  10:30  Drone x5  
  197  10:53  Spine Crawler x2  
  197  10:56  Hydralisk x2  
  199  11:01  Nydus Canal  
  199  11:08  Spine Crawler x2  
  199  11:09  Spine Crawler x2  
  199  11:10  Spine Crawler  
  194  11:11  Spine Crawler  
  194  11:12  Spine Crawler  
  194  11:15  Nydus Canal  
  192  11:21  Ravager x7  
  192  11:23  Grooved Spines  
  198  11:47  Ravager  
  193  12:00  Roach x5  
  197  12:08  Ravager x2  
  185  12:19  Roach x10  
  181  12:23  Roach x6  
  181  12:27  Roach  
  181  12:28  Roach x5  
  175  12:39  Hydralisk  
  175  12:41  Overlord x3  
  158  12:48  Hatchery  
  158  12:50  Roach  
  158  12:51  Roach x8  
  140  12:59  Roach  
  144  13:07  Roach Warren  
Show
View Real Time Build Order
Export as new Build Order

Neeb Protoss - Winner!

Build Orders: Oracle Opening, Archon Immortal 

Get SALT Encoding   

  12  0:00  Probe  
  13  0:12  Probe  
  14  0:19  Pylon  
  14  0:24  Probe  
  15  0:37  Probe (Chrono Boost)  
  15  0:40  Gateway  
  16  0:49  Forge  
  16  0:50  Probe (Chrono Boost)  
  17  1:02  Probe  
  18  1:18  Pylon  
  18  1:23  Probe  
  18  1:25  Assimilator  
  19  1:35  Probe  
  19  1:37  Photon Cannon  
  20  1:47  Probe  
  21  1:56  Nexus  
  21  2:00  Cybernetics Core  
  21  2:08  Photon Cannon  
  21  2:11  Probe  
  22  2:17  Assimilator  
  22  2:23  Probe  
  22  2:26  Pylon  
  23  2:35  Adept (Chrono Boost)  
  23  2:36  Probe  
  26  2:44  Pylon  
  26  2:48  Probe  
  27  2:57  Stargate  
  27  3:01  Adept (Chrono Boost)  
  29  3:09  Probe (Chrono Boost)  
  29  3:10  Probe (Chrono Boost)  
  31  3:19  Probe (Chrono Boost)  
  33  3:20  Warp Gate  
  33  3:21  Probe (Chrono Boost)  
  34  3:27  Adept, Probe (Chrono Boost)  
  34  3:30  Probe (Chrono Boost)  
  37  3:39  Probe x2 (Chrono Boost)  
  39  3:41  Oracle  
  39  3:48  Pylon, Probe  
  42  3:50  Probe  
  44  4:00  Probe  
  44  4:02  Pylon, Probe  
  46  4:09  Void Ray (Chrono Boost)  
  46  4:12  Probe  
  46  4:14  Probe  
  52  4:24  Probe  
  52  4:26  Nexus  
  52  4:29  Probe  
  54  4:32  Pylon  
  54  4:37  Assimilator  
  54  4:38  Probe  
  55  4:39  Assimilator  
  55  4:41  Probe  
  55  4:45  Pylon  
  56  4:50  Probe  
  56  4:51  Oracle  
  59  4:53  Probe  
  60  5:01  Gateway  
  60  5:02  Probe  
  60  5:04  Gateway  
  60  5:06  Probe  
  62  5:14  Probe  
  62  5:18  Probe  
  62  5:19  Protoss Ground Weapons Level 1  
  64  5:22  Sentry  
  64  5:23  Twilight Council  
  64  5:26  Probe (Chrono Boost)  
  67  5:30  Probe (Chrono Boost)  
  67  5:32  Pylon, Robotics Facility  
  68  5:38  Probe (Chrono Boost)  
  68  5:39  Probe (Chrono Boost)  
  68  5:42  Probe (Chrono Boost)  
  71  5:47  Probe x2 (Chrono Boost), Sentry  
  71  5:48  Probe (Chrono Boost)  
  76  5:52  Probe x2 (Chrono Boost)  
  76  5:56  Probe  
  79  6:00  Assimilator  
  79  6:01  Assimilator, Charge  
  79  6:03  Gateway  
  79  6:04  Probe x2  
  79  6:07  Gateway  
  79  6:08  Sentry x2  
  79  6:10  Gateway  
  85  6:11  Probe  
  85  6:16  Probe  
  85  6:17  Probe  
  86  6:20  Observer (Chrono Boost)  
  86  6:24  Gateway x2, Probe  
  88  6:27  Gateway  
  88  6:29  Probe  
  89  6:38  Immortal (Chrono Boost)  
  93  6:45  Gateway, Templar Archives  
  93  6:47  Gateway  
  93  6:53  Photon Cannon  
  93  6:54  Photon Cannon x2  
  93  7:06  Immortal (Chrono Boost)  
  97  7:10  Pylon x2  
  97  7:13  Pylon, Probe  
  98  7:24  Nexus  
  98  7:26  Pylon  
  98  7:33  High Templar x4  
  98  7:36  Warp Prism (Chrono Boost)  
  106  7:37  Archon, Zealot x3  
  106  7:38  Archon  
  106  7:42  High Templar  
  106  7:43  High Templar, Zealot  
  120  7:48  Archon, Shield Battery  
  120  7:53  Zealot  
  122  7:58  Zealot x3  
  128  8:06  Pylon  
  126  8:13  Zealot x2  
  126  8:14  Zealot x2  
  128  8:21  High Templar x2  
  128  8:26  Archon  
  127  8:28  Immortal (Chrono Boost)  
  127  8:29  Zealot x5  
  121  8:36  Zealot x4  
  121  8:37  Psionic Storm  
  118  8:53  High Templar x3, Shield Battery  
  118  8:55  Shield Battery  
  124  8:57  Shield Battery  
  124  9:00  Immortal  
  128  9:07  High Templar  
  130  9:11  Photon Cannon, Shield Battery  
  130  9:13  Pylon  
  130  9:19  High Templar  
  130  9:21  Zealot x4  
  130  9:22  Zealot  
  138  9:33  Pylon  
  138  9:34  Pylon  
  138  9:35  Pylon  
  138  9:36  High Templar  
  140  9:39  Observer  
  140  9:41  Forge  
  141  9:47  Pylon  
  141  9:56  High Templar x2  
  141  9:57  High Templar  
  141  9:58  High Templar  
  141  9:59  Zealot x6  
  161  10:06  Probe  
  156  10:10  Immortal (Chrono Boost)  
  156  10:27  High Templar x2, Zealot x4  
  156  10:28  Zealot  
  170  10:34  Archon  
  170  10:41  Pylon  
  170  10:44  Pylon  
  170  10:45  Pylon  
  170  10:46  Pylon  
  164  10:50  Immortal  
  164  11:00  Nexus  
  160  11:04  High Templar x2  
  160  11:09  Archon, Stalker x4  
  160  11:10  Stalker  
  174  11:11  Pylon  
  174  11:22  Zealot x4  
  168  11:40  High Templar x2  
  168  11:41  Zealot x5  
  168  11:45  Archon  
  182  11:52  Pylon  
  164  12:01  Zealot x5  
  158  12:18  Archon  
  158  12:21  Zealot x3  
  153  12:31  Zealot x5  
  153  12:48  Stalker x6  
  145  12:57  High Templar x4  
  149  13:05  Archon x2, Nexus  
  149  13:12  Zealot x5  
Tags
 
Add a new tag
Caveats
  • Supply blocks, unpowered buildings, or Contaminate may cause inaccurate times.
  • Supply counts are checked every 10 seconds.